 Dungeon Crawl Stone Soup version 0.17.0-27-g4a3f43e (webtiles) character file.

42 septik the Skirmisher (level 3, 24/24 HPs)
             Began as a Gargoyle Fighter on Nov 21, 2015.
             Was a Follower of Qazlal.
             Quit the game on level 2 of the Dungeon.
             The game lasted 00:02:49 (1565 turns).

septik the Skirmisher (Gargoyle Fighter)            Turns: 1565, Time: 00:02:49

Health: 24/24      AC: 10    Str: 20    XL:     3   Next: 54%
Magic:  3/3        EV:  7    Int:  8    God:    Qazlal [*.....]
Gold:   135        SH: 10    Dex:  9    Spells: 0 memorised, 2 levels left

rFire  . . .     SeeInvis .     a - +0 flail
rCold  . . .     Clarity  .     b - +0 scale mail
rNeg   + . .     SustAt   .     c - +0 shield
rPois  ∞         Gourm    .     (no helmet)
rElec  +         Spirit   .     (no cloak)
rCorr  .         Warding  .     (no gloves)
rMut   .         Stasis   +     (no boots)
MR     .....                    q - amulet of stasis
Stlth  ..........               (no ring)
                                (no ring)

@: not resistant to hostile enchantments, extremely unstealthy
A: negative energy resistance 1, electricity resistance, unbreathing,
petrification resistance, rot immunity, AC +3
a: Renounce Religion


You were on level 2 of the Dungeon.
You worshipped Qazlal.
Qazlal was aware of your devotion.
You were not hungry.

You visited 1 branch of the dungeon, and saw 2 of its levels.

You collected 135 gold pieces.

Inventory:

Hand Weapons
 a - a +0 flail (weapon)
Missiles
 i - 50 stones (quivered)
Armour
 b - a +0 scale mail (worn)
 c - a +0 shield (worn)
Jewellery
 q - an amulet of stasis (around neck)
Scrolls
 g - 2 scrolls of remove curse {unknown}
 h - a scroll of amnesia {unknown}
 k - 3 scrolls of identify {unknown}
 m - a scroll of enchant armour {unknown}
 n - a scroll of enchant weapon {unknown}
 r - a scroll of random uselessness {unknown}
 s - a scroll of recharging {unknown}
Potions
 d - a potion of might
 j - a potion of lignification {unknown}
 o - a potion of curing {unknown}
Comestibles
 e - 2 bread rations
 f - a slice of pizza
 l - 2 meat rations


   Skills:
 + Level 3.7 Fighting
 * Level 2.8 Maces & Flails
 + Level 3.6 Armour
 + Level 0.5 Dodging
 - Level 3.2 Shields


You had 2 spell levels left.
You didn't know any spells.

Dungeon Overview and Level Annotations

Branches:
Dungeon (2/15)

Altars:
Qazlal


Innate Abilities, Weirdness & Mutations

You are resistant to torment.
Your stone body is resilient (AC +3).
You are immune to poison.
You resist negative energy.
You are resistant to electric shocks.
You can survive without breathing.
You are immune to petrification.
You are immune to rotting.


Message History

No target in view!
No target in view!
No target in view!
No target in view!
No target in view!
No target in view!
Found a faded altar to an unknown god.
Found a war axe.
There is a faded altar to an unknown god here.
This altar will convert you to a god.
You cannot discern which.
Do you pray?
Okay, then.
This altar will convert you to a god.
You cannot discern which.
Do you pray? Qazlal accepts your prayer! Qazlal welcomes you!
Qazlal grants you immunity to your own clouds.
You are surrounded by a storm.
All of the chunks of flesh in your inventory have rotted away.
Done exploring.
Done exploring.
Are you sure you want to abandon this character and quit the game? (Confirm with "yes".)

##### #...# ##...## #######.§...#
###### # #........@..# ##....##
### ########....####......##
..### #######.....##........# #
....#####......####...........###
..#.............# ###.........##.
#########......## #........##(. #
####.### #........##.. #.#
###......#... #.# ###....##...


There were no monsters in sight!

Vanquished Creatures
  An ooze (D:1)
  2 giant geckos
  5 giant cockroaches
  4 goblins
  4 hobgoblins (D:1)
  4 jackals (D:1)
  A quokka (D:2)
  3 bats (D:2)
  4 giant newts
  A kobold (D:1)
  3 rats
32 creatures vanquished.

Notes
Turn   | Place    | Note
--------------------------------------------------------------
     0 | D:1      | septik the Gargoyle Fighter began the quest for the Orb.
     0 | D:1      | Reached XP level 1. HP: 14/14 MP: 1/1
   155 | D:1      | Reached XP level 2. HP: 17/19 MP: 2/2
   720 | D:1      | Reached XP level 3. HP: 23/23 MP: 3/3
  1494 | D:2      | Found a faded altar to an unknown god.
  1499 | D:2      | Became a worshipper of Qazlal Stormbringer
  1499 | D:2      | Reached * piety under Qazlal
  1565 | D:2      | Quit the game

Action                   || total
-------------------------++-------
Melee: Flail             ||   105
  Eat: Chunk             ||     2
